 Dungeon Crawl Stone Soup version 0.31-a0-675-g238779eb0a (webtiles) character file.

Game seed: 3452756507633209924

2670 lunkers the Martial Artist (level 10, -4/74 HPs)
             Began as a Meteoran Shapeshifter on Sept 5, 2023.
             Was an Elder of Okawaru.
             Slain by a cyan ugly thing (16 damage)
             ... on level 7 of the Dungeon.
             The game lasted 00:09:43 (3067 turns).

lunkers the Martial Artist (Meteoran Shapeshifter)  Turns: 3067, Time: 00:09:44

Health: -4/74      AC:  8    Str: 17    XL:     10   Next: 16%
Magic:  13/14      EV: 19    Int: 11    God:    Okawaru [****..]
Gold:   441        SH:  0    Dex: 18    Spells: 9/9 levels left

rFire   . .          .
                       - Unarmed
rCold   + . .        (no shield)
rNeg    . . .        l - +1 scale mail
rPois   .            (helmet currently unavailable)
rElec   .            (cloak currently unavailable)
rCorr   .            (gloves currently unavailable)
SInv    .            (boots currently unavailable)
Will    +....        (no amulet)
Stlth   +            h - ring of protection from cold
HPRegen 0.32/turn    I - +5 ring of evasion
MPRegen 0.14/turn

%: no passive effects
@: beast-form, heroic, glowing
A: beast (slay +4), sense surroundings 2, otherworldly, glowing, explore regen
a: Begin Untransformation, Renounce Religion, Heroism, Finesse


You were on level 7 of the Dungeon.
You worshipped Okawaru.
Okawaru was greatly pleased with you.
You were a hulking beast.
You visited 2 branches of the dungeon, and saw 9 of its levels.

You collected 441 gold pieces.

Inventory:

Armour
 a - an orb of mayhem
 l - a +1 scale mail (worn)
 A - a +1 plate armour of willpower
 E - a +2 pair of boots
Jewellery
 h - a ring of protection from cold (left hand)
 x - a +6 ring of intelligence
 B - a ring of magical power
 G - a ring of magical power
 I - a +5 ring of evasion (right hand)
Talismans
 c - a beast talisman (active)
 d - a flux talisman
Wands
 s - a wand of digging (6)
 y - a wand of iceblast (9)
Scrolls
 k - a scroll of enchant armour
 w - a scroll of fog
Potions
 b - 2 potions of lignification
 e - a potion of haste {unknown}
 m - 2 potions of ambrosia
 n - a potion of berserk rage
 o - 2 potions of curing
 p - 5 potions of brilliance
 t - 2 potions of enlightenment {unknown}
 u - a potion of degeneration {unknown}
 v - a potion of magic {unknown}
 C - 2 potions of attraction
 D - a potion of cancellation {unknown}


   Skills:
 + Level 2.4(7.4) Fighting
 + Level 3.1(8.1) Dodging
 * Level 12.1(17.1) Unarmed Combat
 + Level 4.7 Invocations
 + Level 8.4 Shapeshifting


You had 9 spell levels left.
You didn't know any spells.
Your spell library contained the following spells:

 Spells                   Type           Power      Damage    Failure   Level
 Blink                    Tloc           0%         N/A       86%         2
 Lesser Beckoning         Tloc           0%         N/A       86%         2
 Momentum Strike          Conj/Tloc      0%         3d8       86%         2
 Wereblood                Tmut           0%         N/A       86%         2
 Dazzling Flash           Conj/Hex       0%         N/A       97%         3
 Gell's Gravitas          Tloc           0%         N/A       97%         3
 Inner Flame              Hex/Fire       0%         N/A       97%         3
 Teleport Other           Tloc           0%         N/A       97%         3
 Volatile Blastmotes      Fire/Tloc      0%         2d10      97%         3
 Flame Wave               Conj/Fire      0%         2d4       100%        4
 Sticky Flame             Conj/Fire      0%         2d3       100%        4
 Irradiate                Conj/Tmut      0%         3d11      100%        5
 Starburst                Conj/Fire      0%         6d3       100%        6
 Maxwell's Capacitive Co  Air            0%         ∞         100%        8


Dungeon Overview and Level Annotations

Branches:
Dungeon (8/15) Zot: 1821   Temple (1/1) D:7 Zot: 567
   Lair: D:8-11

Altars:
Ashenzari
Cheibriados
Dithmenos
Elyvilon
Gozag
Hepliaklqana
Kikubaaqudgha
Okawaru
Qazlal
Ru
Trog
Vehumet
Wu Jian
Xom
Yredelemnul
Zin
The Shining One

Shops:
D:1 [   D:5 !


Innate Abilities, Weirdness & Mutations

You are a hulking beast.
Your limbs bulge with bestial killing power. (Slay +4)
You passively map the area around you.
You are easily found by Zot.
You glow in the dark.
You regain HP and MP as you explore.


Message History

There is a stone staircase leading up here.
You closely miss the kobold. Your punch misses the kobold.
You punch the kobold!
You kill the kobold!
The kobold throws a poisoned dart.
The poisoned dart misses you.
You gain the combat prowess of a mighty hero.
Okay, then.
The kobold brigand shouts!
The orc wizard shouts!
The jelly quivers.
The steam dragon breathes steam at you.
The ball of steam hits the kobold!
The kobold dies!
The ball of steam hits you!
You closely miss the orc.
You are engulfed in a cloud of scalding steam.
The orc misses you.
You hit the orc.
The orc is severely wounded.
You are engulfed in a cloud of scalding steam.
The orc shouts!
The cyan ugly thing attacks as it pursues you!
The cyan ugly thing gores you. The cyan ugly thing shocks you!
* * * LOW HITPOINT WARNING * * *
The kobold brigand is engulfed in a cloud of scalding steam.
There is a stone staircase leading up here.
The orc misses you.
The cyan ugly thing is engulfed in a cloud of scalding steam.
The cyan ugly thing gores you.
* * * LOW HITPOINT WARNING * * *
The cyan ugly thing shocks you!
* * * LOW HITPOINT WARNING * * *
You climb upwards.
There is a stone staircase leading down here.
Unknown command.
You pummel the cyan ugly thing!!
The cyan ugly thing is heavily wounded.
The orc misses you. The cyan ugly thing gores you!
* * * LOW HITPOINT WARNING * * *
The cyan ugly thing shocks you!
You die...

, #........[.'........#.
* ,
+..........#........#. ,
##..####'####.....###.
,,,,,,
#..###...###.....###. , ,
,#................#... ,
,, ,
+................#... ,,
#................#... , ,
, #....u...........+... ,
, #...ho.......)[).#... ,
, ########..####'####'# *
#######.####..####...##.#
,
#.................)......
,
#........................
, ,
#........................
,,
#........................
#........................
**
#########################


You could see a cyan ugly thing and an orc.

Vanquished Creatures
  Pikel (D:6)
  Eustachio (D:6)
  A steam dragon (D:8)
  A water moccasin (D:7)
  3 ice beasts
  A sky beast (D:6)
  2 orc warriors
  2 centaurs
  A lemure (D:6)
  2 phantoms
  4 bullfrogs
  A howler monkey (D:7)
  2 hounds
  2 orc priests
  6 jellies
  3 iguanas
  6 orc wizards
  11 adders
  A shadow imp (D:6)
  3 ufetubi
  3 dart slugs
  21 orcs
  3 bats
  6 endoplasms
  2 giant cockroaches (D:3)
  5 goblins
  4 hobgoblins
  7 jackals
  7 kobolds
  4 quokkas
  6 ball pythons
  5 frilled lizards
  3 rats
130 creatures vanquished.

Vanquished Creatures (others)
  An orc (D:8)
  A kobold (D:8)
2 creatures vanquished.

Grand Total: 132 creatures vanquished

Notes
Turn   | Place    | Note
-------+----------+-------------------------------------------
     0 | D:1      | lunkers the Meteoran Shapeshifter began the quest for the
                  | Orb.
     0 | D:1      | Reached XP level 1. HP: 16/16 MP: 2/2
    91 | D:1      | Reached skill level 4 in Unarmed Combat
    91 | D:1      | Reached XP level 2. HP: 23/23 MP: 3/3
   203 | D:1      | Reached XP level 3. HP: 21/28 MP: 4/4
   207 | D:1      | Found Hodeneoc's Antique Armour Shop.
   502 | D:1      | Glimpsed the power of Zot.
   676 | D:2      | Noticed a floating eye
   678 | D:2      | Found a faded altar of an unknown god.
   696 | D:2      | Noticed an eye of devastation
   696 | D:2      | Noticed a golden eye
   696 | D:2      | Noticed a floating eye
   701 | D:2      | Prayed at the altar of an unknown god.
   701 | D:2      | Became a worshipper of Warmaster Okawaru
   701 | D:2      | Reached * piety under Okawaru
   724 | D:2      | Reached skill level 5 in Unarmed Combat
   724 | D:2      | Reached XP level 4. HP: 30/35 MP: 5/5
   936 | D:3      | Reached skill level 1 in Invocations
   996 | D:3      | Reached XP level 5. HP: 40/40 MP: 6/6
  1015 | D:3      | Found a white marble altar of Elyvilon.
  1335 | D:4      | Noticed a phantom
  1348 | D:4      | Killed a phantom
  1349 | D:4      | Reached skill level 6 in Unarmed Combat
  1349 | D:4      | Reached XP level 6. HP: 35/47 MP: 8/8
  1385 | D:4      | Found an ancient bone altar of Kikubaaqudgha.
  1490 | D:4      | Reached skill level 5 in Shapeshifting
  1524 | D:4      | You fall into a shaft and drop 3 floors!
  1614 | D:6      | Reached ** piety under Okawaru
  1623 | D:6      | Noticed an orc warrior
  1629 | D:6      | Reached XP level 7. HP: 43/52 MP: 10/10
  1632 | D:6      | Reached skill level 7 in Unarmed Combat
  1669 | D:6      | Noticed Eustachio
  1691 | D:6      | Killed Eustachio
  1692 | D:6      | Reached skill level 8 in Unarmed Combat
  1692 | D:6      | Reached XP level 8. HP: 29/59 MP: 12/12
  1707 | D:6      | Noticed Pikel
  1724 | D:6      | HP: 1/88 [Pikel/+1 whip of electrocution (12)]
  1725 | D:6      | Killed Pikel
  1725 | D:6      | Reached *** piety under Okawaru
  1726 | D:6      | Reached skill level 9 in Unarmed Combat
  1782 | D:6      | Gained mutation: You passively map the area around you.
                  | [Meteoran growth]
  1782 | D:6      | Reached XP level 9. HP: 16/64 MP: 13/13
  1906 | D:5      | Entered Level 5 of the Dungeon
  1930 | D:5      | Reached skill level 10 in Unarmed Combat
  1935 | D:5      | Found a radiant altar of Vehumet.
  1939 | D:5      | Found Oheoly's Distillery.
  2060 | D:5      | Identified the +1 quarterstaff of Plog {heavy, rPois rC-
                  | rN+++ rCorr Str-4}
  2349 | D:5      | Reached skill level 11 in Unarmed Combat
  2540 | D:6      | Found a hazy altar of Hepliaklqana.
  2618 | D:7      | Reached **** piety under Okawaru
  2618 | D:7      | Received a gift from Okawaru
  2648 | D:7      | Found a staircase to the Ecumenical Temple.
  2672 | Temple   | Entered the Ecumenical Temple
  2803 | D:7      | Reached XP level 10. HP: 67/73 MP: 14/14
  2989 | D:8      | Reached skill level 12 in Unarmed Combat
  2991 | D:8      | Noticed a cyan ugly thing
  3067 | D:7      | Slain by a cyan ugly thing

Illustrated notes

Levels and vault maps discovered:
D:1:      psy_arrival_whirlpool, layout_loops_ring, serial_shops, shop
D:2:      layout_basic, hellmonk_ecumenical_altar_watching_god,
          grunt_ministairs_14, chequers_serial_rivers_room_a
D:3:      layout_loops_cross, nicolae_elyvilon_peaceful_grove,
          minmay_misc_feat_tiny
D:4:      layout_cave_pools, nicolae_overflow_crystal_walls
D:5:      layout_loops_cross, fiery_altar_vehumet, serial_shops,
          nicolae_shop_industrial_runoff, minmay_quadrilaterals,
          uniq_blork_the_orc
D:6:      layout_basic, old_standard_altar, uniq_eustachio, uniq_prince_ribbit1,
          uniq_pikel
D:7:      layout_gridville, minmay_temple_entry_sparse_star
D:8:      kennysheep_housing_project, layout_rooms, grunt_temple_overflow_open,
          serial_shops, nicolae_shop_hallway_plus
Temple:   hellmonk_temple_forest_ring

Skill      XL: |  1  2  3  4  5  6  7  8  9 10 |
---------------+-------------------------------+-----
Unarmed Combat | 4 5 6 8 9 11 12 | 12.1
Shapeshifting  | 4 5 6 8 |  8.4
Invocations    | 1 2 3 4 |  4.7
Fighting       | 2 |  2.4
Dodging        | 3 |  3.1

Action                     |  1- 3 |  4- 6 |  7- 9 | 10-12 || total
---------------------------+-------+-------+-------+-------++-------
  Melee: Unarmed           |    74 |   115 |   152 |    31 ||   372
         Punch             |     2 |     3 |     7 |     3 ||    15
 Invoke: Heroism           |       |       |     4 |     2 ||     6
    Use: Potion            |       |       |     1 |       ||     1
         Scroll            |       |       |    16 |       ||    16
 Armour: Animal skin       |    27 |       |       |       ||    27
         Scale mail        |    24 |    72 |   127 |    29 ||   252
         Skin              |       |       |     9 |       ||     9
  Dodge: Dodged            |    53 |    47 |    80 |    34 ||   214

Table legend: (Time is in decaauts)
 A = Elapsed time spent in this place.
 B = Non-inter-level travel time spent in this place.
 C = Inter-level travel time spent in this place.
 D = Time resting spent in this place.
 E = Time spent auto-exploring this place.
 F = Levels seen in this place.
 G = Mean time per level.
                   A        B        C        D        E       F      G
               +--------+--------+--------+--------+--------+-----+--------+
         Total |   3010 |   2874 |    136 |     21 |   1781 |   9 |  334.4 |
       Dungeon |   2977 |   2855 |    122 |     21 |   1781 |   8 |  372.1 |
        Temple |     32 |     18 |     14 |      0 |      0 |   1 |   32.0 |
               +--------+--------+--------+--------+--------+-----+--------+

Top non-repeatable levels by time:
     D:5: 593 daAuts
     D:1: 513 daAuts
     D:3: 437 daAuts
     D:6: 427 daAuts
     D:7: 403 daAuts
     D:2: 347 daAuts
     D:4: 210 daAuts
     D:8: 43 daAuts
  Temple: 32 daAuts
